 Dungeon Crawl Stone Soup version 0.31-a0-441-g867994ef1c (webtiles) character file.

Game seed: 2656257039994417675

138 Arzdou the Ruffian (level 5, -3/37 HPs)
             Began as a Demonspawn Shapeshifter on Aug 2, 2023.
             Slain by Edmund
             ... wielding a +1 dire flail of holy wrath
              (10 damage)
             ... on level 4 of the Dungeon.
             The game lasted 00:03:57 (2836 turns).

Arzdou the Ruffian (Demonspawn Shapeshifter)        Turns: 2836, Time: 00:03:58

Health: -3/37      AC:  2    Str: 17    XL:     5   Next: 1%
Magic:  5/5        EV: 12    Int: 12    God:
Gold:   79         SH:  4    Dex: 13    Spells: 4/4 levels left

rFire   . .          .
                       - Unarmed
rCold   . . .        (no shield)
rNeg    . . .        a - +0 animal skin
rPois   .            (helmet currently unavailable)
rElec   .            (cloak currently unavailable)
rCorr   .            (gloves currently unavailable)
SInv    .            (boots currently unavailable)
Will    .....        (no amulet)
Stlth   +            (no ring)
HPRegen 0.26/turn    (no ring)
MPRegen 0.09/turn

%: no passive effects
@: beast-form
A: beast (slay +2), hooves 1, demonic guardian 1, big brain 1, condensation
shield
a: Begin Untransformation


You were on level 4 of the Dungeon.
You were a hulking beast.
You visited 1 branch of the dungeon, and saw 4 of its levels.

You collected 79 gold pieces.

Inventory:

Missiles
 i - 2 poisoned darts (quivered)
Armour
 a - a +0 animal skin (worn)
Talismans
 c - a beast talisman (active)
 d - a blade talisman
 o - a serpent talisman
Scrolls
 e - a scroll of blinking {unknown}
 f - a scroll of enchant armour {unknown}
 g - a scroll of teleportation {unknown}
 h - a scroll of summoning {unknown}
 n - a scroll of fear {unknown}
 p - a scroll of immolation {unknown}
Potions
 b - a potion of lignification
 j - a potion of mutation {unknown}
 k - a potion of ambrosia {unknown}
 l - a potion of curing {unknown}
 m - a potion of berserk rage {unknown}
 q - a potion of heal wounds {unknown}


   Skills:
 - Level 1.0 Fighting
 - Level 1.7 Dodging
 + Level 4.1 Unarmed Combat
 + Level 3.7 Shapeshifting


You had 4 spell levels left.
You didn't know any spells.
Your spell library contained the following spells:

 Spells                   Type           Power      Damage    Failure   Level
 Inner Flame              Hex/Fire       0%         N/A       69%         3
 Flame Wave               Conj/Fire      0%         2d4       97%         4
 Sticky Flame             Conj/Fire      0%         2d3       97%         4


Dungeon Overview and Level Annotations

Branches:
Dungeon (4/15)
 Temple: D:4-7

Altars:

Annotations:
D:4 Edmund


Innate Abilities, Weirdness & Mutations

You are a hulking beast.
Your limbs bulge with bestial killing power. (Slay +2)
You have large cloven feet.
A weak demonic guardian rushes to your aid.
You have an unusually large brain. (Int +2)
A meltable shield of frost defends you. (SH +4)


Message History

Found a stone staircase leading down.
There is a stone staircase leading down here.
q - a fuming cyan potion No target in view!
Edmund the Younger comes into view.
He is wielding a +1 dire flail of holy wrath.
Found 14 gold pieces.
Edmund shouts!
You closely miss Edmund. You barely miss Edmund.
Edmund hits you with a +1 dire flail of holy wrath!
You convulse!
* * * LOW HITPOINT WARNING * * *
A demonic guardian appears!
You are too injured to fight recklessly!
You are too injured to fight recklessly!
You are too injured to fight recklessly!
You are too injured to fight recklessly!
You are too injured to fight recklessly!
You are too injured to fight recklessly!
You are too injured to fight recklessly!
You are too injured to fight recklessly!
You are too injured to fight recklessly!
You are too injured to fight recklessly!
You are too injured to fight recklessly!
You are too injured to fight recklessly!
You are too injured to fight recklessly!
You are too injured to fight recklessly!
You are too injured to fight recklessly!
You are too injured to fight recklessly!
You are too injured to fight recklessly!
You are too injured to fight recklessly!
Your quasit bites Edmund but does no damage.
Your quasit barely misses Edmund.
Your quasit claws Edmund but does no damage.
Your quasit bites Edmund but does no damage.
Your quasit claws Edmund.
Your quasit claws Edmund but does no damage.
Edmund attacks as you move away!
Edmund hits you with a +1 dire flail of holy wrath!
You die...

#.# #.# #.# #.# #
#.# #. #.#
#####.#####.#######
.........5@>.......
#.......###h########
........#...........
#.....$.#.#.......#
#.......#.#.#####...
#.......# #.#
#.......# #.#
........# #.###
....###.# #...# .
#.#...#


You could see Edmund (ally target) and a friendly quasit (summoned).

Vanquished Creatures
  An orc wizard (D:3)
  7 adders
  2 worms
  4 orcs
  3 endoplasms
  8 goblins
  3 kobolds
  A quokka (D:2)
  5 ball pythons
  3 bats
  5 frilled lizards
  6 rats
48 creatures vanquished.

Notes
Turn   | Place    | Note
-------+----------+-------------------------------------------
     0 | D:1      | Arzdou the Demonspawn Shapeshifter began the quest for the
                  | Orb.
     0 | D:1      | Reached XP level 1. HP: 15/15 MP: 1/1
   745 | D:2      | Reached skill level 3 in Unarmed Combat
   745 | D:2      | Gained mutation: You have large cloven feet. [demonic
                  | ancestry]
   745 | D:2      | Reached XP level 2. HP: 7/21 MP: 2/2
  1133 | D:2      | Gained mutation: You have an unusually large brain. (Int
                  | +2) [demonic ancestry]
  1133 | D:2      | Reached XP level 3. HP: 16/26 MP: 3/3
  1634 | D:2      | Gained mutation: A weak demonic guardian rushes to your
                  | aid. [demonic ancestry]
  1634 | D:2      | Reached XP level 4. HP: 31/32 MP: 4/4
  2310 | D:3      | Reached skill level 4 in Unarmed Combat
  2756 | D:3      | Gained mutation: A meltable shield of frost defends you.
                  | (SH +4) [demonic ancestry]
  2756 | D:3      | Reached XP level 5. HP: 37/37 MP: 5/5
  2828 | D:4      | Noticed Edmund
  2836 | D:4      | Slain by Edmund

Illustrated notes

Levels and vault maps discovered:
D:1:      elethiomel_arrival_quiet, layout_basic
D:2:      minmay_angry_zag, layout_rooms, minmay_domino_2
D:3:      layout_basic, serial_co_window_serial, co_window_corner_a,
          co_window_of_opportunity_a, co_window_paths_b, co_window_corner_a,
          co_window_of_opportunity_a, co_window_broadway_a, co_window_2corner,
          co_window_paths_c, co_window_2corner, co_window_paths_e,
          glass_columns_b, glass_columns_c, minmay_strange_pillars
D:4:      nicolae_cairo_tiling_large_dashed, layout_basic,
          minmay_temple_entry_glass, minmay_fractal_squares_gapless_5,
          uniq_edmund, uniq_sigmund, uniq_pikel

Skill      XL: |  1  2  3  4 |
---------------+-------------+-----
Unarmed Combat | 3 4 |  4.1
Shapeshifting  | 3 |  3.7
Fighting       | |  1.0
Dodging        | |  1.7

Action                     |  1- 3 |  4- 6 || total
---------------------------+-------+-------++-------
  Melee: Unarmed           |    81 |    50 ||   131
         Kick              |     9 |    17 ||    26
  Throw: Dart              |     5 |       ||     5
   Stab: Sleeping          |     1 |     2 ||     3
 Armour: Animal skin       |    12 |     4 ||    16
  Dodge: Dodged            |    37 |    24 ||    61

Table legend: (Time is in decaauts)
 A = Elapsed time spent in this place.
 B = Non-inter-level travel time spent in this place.
 C = Inter-level travel time spent in this place.
 D = Time resting spent in this place.
 E = Time spent auto-exploring this place.
 F = Levels seen in this place.
 G = Mean time per level.
                   A        B        C        D        E       F      G
               +--------+--------+--------+--------+--------+-----+--------+
         Total |   2830 |   2678 |    152 |    299 |   1940 |   4 |  707.5 |
       Dungeon |   2830 |   2678 |    152 |    299 |   1940 |   4 |  707.5 |
               +--------+--------+--------+--------+--------+-----+--------+

Top non-repeatable levels by time:
     D:3: 1069 daAuts
     D:1: 917 daAuts
     D:2: 815 daAuts
     D:4: 29 daAuts
